 Dungeon Crawl Stone Soup version 0.17-a0-1533-g2f57bce (webtiles) character file.

114 TheHolyPigeon the Sneak (level 4, -2/23 HPs)
             Began as a Vine Stalker Assassin on July 16, 2015.
             Was an Initiate of Trog.
             Slain by an orc wizard
             ... wielding a +0 dagger
              (3 damage)
             ... on level 4 of the Dungeon.
             The game lasted 00:09:16 (2575 turns).

TheHolyPigeon the Sneak (Vine Stalker Assassin)     Turns: 2575, Time: 00:09:16

Health: -2/23      AC:  4    Str: 13    XL:     4   Next: 98%
Magic:  0/5        EV: 11    Int: 11    God:    Trog [......]
Gold:   212        SH:  0    Dex: 17    Spells: 1 memorised, 0 levels left

rFire  . . .     SeeInvis .     a - +3 dagger
rCold  . . .     Clarity  .     c - +0 robe
rNeg   . . .     SustAt   +     (no shield)
rPois  .         Gourm    .     (no helmet)
rElec  .         Spirit   +     d - +1 cloak
rCorr  +         Warding  .     (no gloves)
rMut   .         Stasis   .     (no boots)
MR     .....                    q - amulet of resist corrosion
Stlth  +++.......               (no ring)
                                p - ring of sustain attributes

@: slowed, very slow, not resistant to hostile enchantments, fairly stealthy
A: fangs 2, regeneration 1, magic shield, antimagic bite, no device heal 3, rot
immunity
a: Burn Spellbooks, Renounce Religion


You were on level 4 of the Dungeon.
You worshipped Trog.
Trog was noncommittal.
You were not hungry.

You visited 1 branch of the dungeon, and saw 4 of its levels.

You collected 212 gold pieces.

Inventory:

Hand weapons
 a - a +3 dagger (weapon)
 b - a +0 blowgun
Missiles
 e - 8 poisoned needles
 f - 2 curare-tipped needles
 i - 3 needles of confusion
Armour
 c - a +0 robe (worn)
 d - a +1 cloak (worn)
Jewellery
 h - an uncursed amulet of faith {unknown}
 m - an uncursed ring of protection from cold {unknown}
 p - a ring of sustain attributes (left hand)
 q - an amulet of resist corrosion (around neck)
Potions
 l - 2 potions of agility
Comestibles
 g - 2 bread rations
 j - 2 beef jerkies


   Skills:
 - Level 1.7 Fighting
 * Level 3.9 Short Blades
 - Level 1.7 Throwing
 - Level 0.7 Dodging
 + Level 5.8 Stealth


You couldn't memorise any spells.
You knew the following spells:

 Your Spells              Type           Power        Failure   Level  Hunger
a - Tukima's Dance        Hex            #.......     90%         3    ####...


Dungeon Overview and Level Annotations

Branches:
Dungeon (4/15)
 Temple: D:4-7

Altars:
Gozag
Trog


Innate Abilities, Weirdness & Mutations

You have extremely sharp teeth.
Your natural rate of healing is unusually fast.
When hurt, damage is shared between your health and your magic reserves.
Your bite disrupts and absorbs the magic of your enemies.
Potions and wands cannot restore your health.
You are immune to rotting.


Message History

The orc wizard casts a spell.
The orc wizard blinks!
The orc wizard hits you with a dagger.
You hit the orc wizard.
The orc wizard is moderately wounded.
The orc wizard casts a spell at you. The magic dart hits you!
The orc wizard hits you with a dagger.
You closely miss the orc wizard.
The orc wizard is lightly wounded.
The orc wizard hits you but does no damage.
The orc wizard hits you with a dagger. The orc hits you but does no damage.
The orc wizard hits you with a dagger.
* * * LOW HITPOINT WARNING * * *
The orc wizard hits you but does no damage.
You aren't carrying any spellbooks or scrolls.
You offer a prayer to Trog.
Trog is noncommittal.
The orc wizard hits you with a dagger.
* * * LOW HITPOINT WARNING * * *
The orc wizard hits you with a dagger.
You die...

##......###
##..........
#####%....ยง...o#
##.....)###..####
#<....### .###
#...### #...##
#.o## ..... #.o##
...### #oo@##
##..# #....##
##...#
###...###...#
##.....<..#
##.....###
#....## #.....##
......## ####..#


You could see 2 orc wizards and 2 orcs.

Vanquished Creatures
  5 adders
  4 worms (D:2)
  3 giant geckos
  An orc (D:4)
  4 giant cockroaches (D:2)
  4 goblins
  8 hobgoblins
  6 kobolds
  6 bats
  6 giant newts
  A quokka (D:3)
  7 rats
  A plant (D:1)
56 creatures vanquished.

Notes
Turn   | Place    | Note
--------------------------------------------------------------
     0 | D:1      | TheHolyPigeon the Vine Stalker Assassin began the quest for the Orb.
     0 | D:1      | Reached XP level 1. HP: 11/11 MP: 2/2
   290 | D:1      | Reached XP level 2. HP: 13/15 MP: 3/3
   381 | D:1      | Reached skill level 5 in Stealth
   785 | D:1      | You fall through a shaft!
   797 | D:2      | Reached XP level 3. HP: 18/18 MP: 4/4
  1141 | D:2      | Reached XP level 4. HP: 19/23 MP: 5/5
  1752 | D:2      | Learned a level 3 spell: Tukima's Dance
  1883 | D:3      | Found an opulent altar of Gozag.
  1971 | D:3      | Found a bloodstained altar of Trog.
  1980 | D:3      | Became a worshipper of Trog the Wrathful
  2575 | D:4      | HP: 1/23 [orc wizard/dagger (4)]
  2575 | D:4      | Slain by an orc wizard

Vault maps used:
D:1:      tarquinn_simple_flora_water_a, hangedman_decor_points
D:3:      bloody_trog, nicolae_overflow_crystal_walls
D:4:      cheibriados_altar_1, first_bread, serial_bayou_lagoon_a

Action                   |  1- 3 |  4- 6 || total
-------------------------+-------+-------++-------
Melee: Dagger            |   160 |    50 ||   210
Invok: Burn Spellbooks   |       |     1 ||     1
  Use: Potion            |     1 |     5 ||     6
       Scroll            |       |     8 ||     8
 Stab: Sleeping          |     6 |    12 ||    18
       Distracted        |       |     1 ||     1
  Eat: Bread ration      |     1 |       ||     1
       Beef jerky        |       |     1 ||     1
